CALGARY vs LOS ANGELES

Created - March-05-21 at 19:27

Goals
1 2 3 T
CALGARY 1 1 0 2
LOS ANGELES 0 2 1 3
Shots
1 2 3 T
CALGARY 5 13 6 24
LOS ANGELES 5 17 6 28

1st period

1. CALGARY , Jamie Benn 11 (Brock Boeser 16, Zach Bogosian 4) at 4:52

Penalties :
Mikhail Sergachev (CGY) for Hooking (Minor) at 1:32, Kris Letang (LOS) for High sticking (Double Minor) at 10:35

2nd period

2. CALGARY , Jamie Benn 12 (Chris Tierney 9, Brock Boeser 17) at 3:14 (PP)
3. LOS ANGELES , Travis Zajac 3 (Josh Manson 9) at 15:53
4. LOS ANGELES , Ryan McDonagh 4 (Mika Zibanejad 22, Kris Letang 17) at 19:15 (PP)

Penalties :
Gabriel Bourque (LOS) for Hooking (Minor) at 2:12, Johnny Boychuk (LOS) for Holding (Minor) at 6:24, Vladislav Namestnikov (LOS) for Interference (Minor) at 10:36, Mikhail Sergachev (CGY) for Roughing (Minor) at 17:24

3rd period

5. LOS ANGELES , Mika Zibanejad 18 (Kris Letang 18, Ryan McDonagh 10) at 9:23

Penalties :
Kris Letang (LOS) for Holding Stick (Minor) at 10:16

Goalie Stats

Anders Nilsson (CGY), 25 saves from 28 shots - (0.893), L, 8-11-2, 60:00 minutes
Antti Raanta (LOS), 22 saves from 24 shots - (0.917), W, 18-12-2, 60:00 minutes

Players Stats for CALGARY

Player Name              G  A  P  +/- PIM S  H  SB GA TA FO     MP     PP MP  PK MP  
------------------------------------------------------------------------------------
Blake Coleman            0  0  0   0  0   4  2  0  0  0  0/0    10:17   0:40   2:15 
Brock Boeser             0  2  2   0  0   0  0  0  0  0  0/2    18:01   3:39   0:00 
Chris Tierney            0  1  1   0  0   0  0  0  0  0  5/8    13:56   4:59   1:35 
Derick Brassard          0  0  0  -1  0   2  0  0  0  0  2/9    10:28   0:43   0:02 
Drake Caggiula           0  0  0  -1  0   0  0  0  0  0  0/0    10:32   0:30   0:19 
Elias Pettersson         0  0  0   0  0   1  1  0  0  0  13/29  20:11   6:06   0:20 
Jaccob Slavin            0  0  0   0  0   2  0  2  0  0  0/0    24:13   5:29   1:34 
Jake Gardiner            0  0  0  -1  0   0  0  0  0  0  0/0    15:16   0:43   0:36 
Jamie Benn               2  0  2   0  0   4  3  0  0  0  13/23  19:54   3:39   1:53 
Joel Kellman             0  0  0  -1  0   0  0  0  0  0  0/0    10:13   0:30   0:00 
Markus Nutivaara         0  0  0   0  0   3  2  2  0  0  0/0    16:51   0:30   2:16 
Matt Nieto               0  0  0   0  0   2  0  0  0  0  0/0     8:05   0:43   0:00 
Mikhail Sergachev        0  0  0  -1  4   2  2  0  0  0  0/0    19:24   5:29   0:00 
Mitchell Marner          0  0  0   0  0   0  0  0  0  0  0/1    20:18   5:56   0:00 
Patrik Laine             0  0  0   0  0   2  2  0  0  0  0/0    19:51   6:06   0:00 
Rasmus Dahlin            0  0  0   0  0   0  2  2  0  0  0/0    22:24   4:16   0:58 
Tyler Bertuzzi           0  0  0   0  0   2  0  0  0  0  0/0    19:23   4:22   1:16 
Zach Bogosian            0  1  1   0  0   0  0  1  0  0  0/0    16:51   0:30   2:16 

Players Stats for LOS ANGELES

Player Name              G  A  P  +/- PIM S  H  SB GA TA FO     MP     PP MP  PK MP  
------------------------------------------------------------------------------------
Alex Goligoski           0  0  0   0  0   0  1  0  0  0  0/0    21:27   1:31   4:36 
Artem Anisimov           0  0  0   1  0   1  0  0  0  0  1/3     9:39   0:00   0:00 
Gabriel Bourque          0  0  0   0  2   2  0  0  0  0  0/1     6:05   0:00   0:00 
Johnny Boychuk           0  0  0   1  2   0  0  2  0  0  0/0    14:44   0:00   1:10 
Jonathan Toews           0  0  0  -1  0   0  1  0  0  0  10/19  21:39   1:31   5:33 
Josh Manson              0  1  1   1  0   1  1  0  0  0  0/0    15:57   0:00   2:22 
Kris Letang              0  2  2   0  6   3  2  1  0  0  0/0    21:20   2:19   2:46 
Matthew Tkachuk          0  0  0   1  0   3  1  0  0  0  3/5    20:31   2:19   3:20 
Mika Zibanejad           1  1  2   1  0   6  0  0  0  0  16/28  23:32   2:19   6:21 
Mike Hoffman             0  0  0  -1  0   2  0  0  0  0  1/1    16:54   1:31   0:48 
Nick Bonino              0  0  0  -1  0   0  0  1  0  0  0/1    16:06   1:31   0:00 
Nick Cousins             0  0  0   0  0   0  0  0  0  0  3/6     6:06   0:00   0:00 
Riley Nash               0  0  0   0  0   1  0  0  0  0  0/0     6:06   0:00   0:00 
Ryan McDonagh            1  1  2   0  0   2  1  3  0  0  0/0    24:04   2:19   5:28 
Travis Zajac             1  0  1   1  0   2  0  0  0  0  5/7    10:59   0:00   1:20 
Tyler Seguin             0  0  0   1  0   2  0  0  0  0  0/1    20:31   2:19   3:20 
Vladislav Namestnikov    0  0  0   1  2   3  1  0  0  0  0/0    11:25   0:00   1:47 
Zdeno Chara              0  0  0   0  0   0  2  0  0  0  0/0    21:52   1:31   5:01 

3 Stars

1 - Jamie Benn (CGY)
2 - Ryan McDonagh (LOS)
3 - Mika Zibanejad (LOS)

Power Play

CALGARY - 1 on 6 Attempt(s) - 16.67%
LOS ANGELES - 1 on 2 Attempt(s) - 50.00%

Penalty Kill

CALGARY - 1 on 2 Attempt(s) - 50.00% - Score 0 goal in Penalty Kill
LOS ANGELES - 5 on 6 Attempt(s) - 83.33% - Score 0 goal in Penalty Kill

Team Stat

CALGARY - Hits : 14 - Faceoff Wins : 33 - Blocked Shots : 7 - Penalty Minutes : 4
LOS ANGELES - Hits : 10 - Faceoff Wins : 39 - Blocked Shots : 7 - Penalty Minutes : 12

Official

Referees : Wes McCauley and Brandon Blandina
Linesman : Kyle Allen and Greg Devorski

Game Notes

No Game Note

Finance

Level 1 -- Attendance: 4577 (76.28%) -- Ticket Income $457,700
Level 2 -- Attendance: 3732 (74.64%) -- Ticket Income $223,920
Level 3 -- Attendance: 1777 (88.85%) -- Ticket Income $62,195
Level 4 -- Attendance: 4000 (100.00%) -- Ticket Income $80,000
Luxury Box -- Attendance: 691 (69.10%) -- Ticket Income $138,200
Game was played at the Staples Center.
Total Attendance: 14777 (82.09%)
Total Ticket Income: $962,015
Total Income: $962,015

CALGARY

5 vs 5 Forward 
   Center                   Left Wing                Right Wing               Time % Phy DF OF 
 1 Elias Pettersson         Tyler Bertuzzi           Patrik Laine             40     1   1  3  
 2 Jamie Benn               Mitchell Marner          Brock Boeser             40     1   1  3  
 3 Chris Tierney            Blake Coleman            Matt Nieto               10     1   2  2  
 4 Derick Brassard          Joel Kellman             Drake Caggiula           10     2   3  0  

5 vs 5 Defense 
   Defense                  Defense                                           Time % Phy DF OF 
 1 Jaccob Slavin            Rasmus Dahlin                                     35     1   1  3  
 2 Jake Gardiner            Mikhail Sergachev                                 30     1   2  2  
 3 Markus Nutivaara         Zach Bogosian                                     25     3   2  0  
 4 Rasmus Dahlin            Jaccob Slavin                                     10     1   2  2  

PowerPlay Forward 
   Center                   Left Wing                Right Wing               Time % Phy DF OF 
 1 Elias Pettersson         Patrik Laine             Mitchell Marner          62     0   1  4  
 2 Jamie Benn               Tyler Bertuzzi           Brock Boeser             38     0   1  4  

PowerPlay Defense
   Defense                  Defense                                           Time % Phy DF OF 
 1 Mikhail Sergachev        Jaccob Slavin                                     64     1   2  2  
 2 Chris Tierney            Rasmus Dahlin                                     36     1   2  2  

Penalty Kill 4 Players Forward 
   Center                   Wing                     Time % Phy DF OF 
 1 Jamie Benn               Blake Coleman            60     1   4  0  
 2 Chris Tierney            Tyler Bertuzzi           40     1   4  0  

Penalty Kill 4 Players Defense
   Defense                  Defense                  Time % Phy DF OF 
 1 Jaccob Slavin            Rasmus Dahlin            60     1   4  0  
 2 Zach Bogosian            Mikhail Sergachev        40     1   4  0  

Penalty Kill - 3 Players Forward 
   Forward                                           Time % Phy DF OF 
 1 Blake Coleman                                     60     1   4  0  
 2 Chris Tierney                                     40     1   4  0  

Penalty Kill - 3 Players Defense
   Defense                  Defense                  Time % Phy DF OF 
 1 Jaccob Slavin            Rasmus Dahlin            60     1   4  0  
 2 Zach Bogosian            Mikhail Sergachev        40     1   4  0  

4 vs 4 Forward 
   Center                   Wing                     Time % Phy DF OF 
 1 Elias Pettersson         Patrik Laine             60     1   1  3  
 2 Jamie Benn               Mitchell Marner          40     1   1  3  

4 vs 4 Defense
   Defense                  Defense                  Time % Phy DF OF 
 1 Jaccob Slavin            Rasmus Dahlin            60     0   1  4  
 2 Tyler Bertuzzi           Mikhail Sergachev        40     0   1  4  

Last Minutes Offensive
   Center                   Left Wing                Right Wing               Defense                  Defense                  
   Jamie Benn               Brock Boeser             Mitchell Marner          Jaccob Slavin            Rasmus Dahlin            

Last Minutes Defensive
   Center                   Left Wing                Right Wing               Defense                  Defense                  
   Jamie Benn               Elias Pettersson         Mitchell Marner          Jaccob Slavin            Rasmus Dahlin            

Goaltenders
Starting : Anders Nilsson           
Backup : Jack Campbell            

Extra Forwards
Normal : Chris Tierney, Blake Coleman, Derick Brassard - PP : Chris Tierney, Blake Coleman - PK : Elias Pettersson
Extra Defensemen
Normal : Jake Gardiner, Jaccob Slavin, Rasmus Dahlin - PP : Jake Gardiner - PK : Markus Nutivaara, Mikhail Sergachev
Penalty Shots
Mitchell Marner, Jamie Benn, Elias Pettersson, Brock Boeser, Patrik Laine

Scratches
CGY Cap Hit (Suspend), Shane Bowers (Healthy)

LOS ANGELES

5 vs 5 Forward 
   Center                   Left Wing                Right Wing               Time % Phy DF OF 
 1 Mika Zibanejad           Matthew Tkachuk          Tyler Seguin             40     1   2  2  
 2 Jonathan Toews           Nick Bonino              Mike Hoffman             35     1   2  2  
 3 Travis Zajac             Vladislav Namestnikov    Artem Anisimov           20     1   2  2  
 4 Nick Cousins             Gabriel Bourque          Riley Nash               5      1   2  2  

5 vs 5 Defense 
   Defense                  Defense                                           Time % Phy DF OF 
 1 Kris Letang              Ryan McDonagh                                     35     1   2  2  
 2 Zdeno Chara              Alex Goligoski                                    30     1   2  2  
 3 Johnny Boychuk           Josh Manson                                       25     1   2  2  
 4 Kris Letang              Ryan McDonagh                                     10     1   2  2  

PowerPlay Forward 
   Center                   Left Wing                Right Wing               Time % Phy DF OF 
 1 Mika Zibanejad           Matthew Tkachuk          Tyler Seguin             60     1   2  2  
 2 Jonathan Toews           Nick Bonino              Mike Hoffman             40     1   2  2  

PowerPlay Defense
   Defense                  Defense                                           Time % Phy DF OF 
 1 Kris Letang              Ryan McDonagh                                     60     1   2  2  
 2 Zdeno Chara              Alex Goligoski                                    40     1   2  2  

Penalty Kill 4 Players Forward 
   Center                   Wing                     Time % Phy DF OF 
 1 Mika Zibanejad           Jonathan Toews           60     1   2  2  
 2 Matthew Tkachuk          Tyler Seguin             40     1   2  2  

Penalty Kill 4 Players Defense
   Defense                  Defense                  Time % Phy DF OF 
 1 Kris Letang              Ryan McDonagh            60     1   2  2  
 2 Zdeno Chara              Alex Goligoski           40     1   2  2  

Penalty Kill - 3 Players Forward 
   Forward                                           Time % Phy DF OF 
 1 Mika Zibanejad                                    60     1   2  2  
 2 Jonathan Toews                                    40     1   2  2  

Penalty Kill - 3 Players Defense
   Defense                  Defense                  Time % Phy DF OF 
 1 Kris Letang              Ryan McDonagh            60     1   2  2  
 2 Zdeno Chara              Alex Goligoski           40     1   2  2  

4 vs 4 Forward 
   Center                   Wing                     Time % Phy DF OF 
 1 Mika Zibanejad           Jonathan Toews           60     1   2  2  
 2 Matthew Tkachuk          Tyler Seguin             40     1   2  2  

4 vs 4 Defense
   Defense                  Defense                  Time % Phy DF OF 
 1 Kris Letang              Ryan McDonagh            60     1   2  2  
 2 Zdeno Chara              Alex Goligoski           40     1   2  2  

Last Minutes Offensive
   Center                   Left Wing                Right Wing               Defense                  Defense                  
   Mika Zibanejad           Matthew Tkachuk          Tyler Seguin             Kris Letang              Ryan McDonagh            

Last Minutes Defensive
   Center                   Left Wing                Right Wing               Defense                  Defense                  
   Mika Zibanejad           Matthew Tkachuk          Tyler Seguin             Kris Letang              Ryan McDonagh            

Goaltenders
Starting : Antti Raanta             
Backup : Jaroslav Halak           

Extra Forwards
Normal : Tyler Seguin, Travis Zajac, Vladislav Namestnikov - PP : Tyler Seguin, Travis Zajac - PK : Vladislav Namestnikov
Extra Defensemen
Normal : Johnny Boychuk, Josh Manson, Zdeno Chara - PP : Johnny Boychuk - PK : Josh Manson, Zdeno Chara
Penalty Shots
Mika Zibanejad, Jonathan Toews, Tyler Seguin, Matthew Tkachuk, Mike Hoffman

Scratches
None


% Time on Ice - CALGARY

Lines # - Real PCT - Wanted PCT - Time Play
Normal Forward
1 - 31% - 40% - 13:45
2 - 30% - 40% - 13:22
3 - 17% - 10% - 7:22
4 - 22% - 10% - 9:43
Normal Defense
1 - 33% - 35% - 14:42
2 - 32% - 30% - 13:57
3 - 32% - 25% - 14:05
4 - 3% - 10% - 1:28
PP Forward
1 - 60% - 62% - 6:36
2 - 40% - 38% - 4:22
PP Defense
1 - 55% - 64% - 5:59
2 - 45% - 36% - 4:59
PK Forward
1 - 59% - 60% - 2:15
2 - 41% - 40% - 1:35
PK Defense
1 - 25% - 60% - 0:58
2 - 75% - 40% - 2:52
PK3 Forward
1 - 0% - 60%
2 - 0% - 40%
PK3 Defense
1 - 0% - 60%
2 - 0% - 40%
44 Forward
1 - 0% - 60%
2 - 0% - 40%
44 Defense
1 - 0% - 60%
2 - 0% - 40%
Last Minute Offensive  - 1:00
Last Minute Defensive  - 0:00
Total
Forward - 60:00
Defense - 60:00

% Time on Ice - LOS ANGELES

Lines # - Real PCT - Wanted PCT - Time Play
Normal Forward
1 - 32% - 40% - 14:18
2 - 33% - 35% - 14:35
3 - 22% - 20% - 9:39
4 - 14% - 5% - 6:06
Normal Defense
1 - 33% - 35% - 14:41
2 - 34% - 30% - 15:20
3 - 30% - 25% - 13:35
4 - 2% - 10% - 1:02
PP Forward
1 - 60% - 60% - 2:19
2 - 40% - 40% - 1:31
PP Defense
1 - 60% - 60% - 2:19
2 - 40% - 40% - 1:31
PK Forward
1 - 70% - 60% - 7:38
2 - 30% - 40% - 3:20
PK Defense
1 - 62% - 60% - 6:45
2 - 38% - 40% - 4:13
PK3 Forward
1 - 0% - 60%
2 - 0% - 40%
PK3 Defense
1 - 0% - 60%
2 - 0% - 40%
44 Forward
1 - 0% - 60%
2 - 0% - 40%
44 Defense
1 - 0% - 60%
2 - 0% - 40%
Last Minute Offensive  - 0:00
Last Minute Defensive  - 0:34
Total
Forward - 60:00
Defense - 60:00

Play-by-Play

1st period


0:01 of 1st period - Mika Zibanejad wins face-off versus Elias Pettersson in neutral zone.
0:21 of 1st period - Icing by Jaccob Slavin.
0:22 of 1st period - Jonathan Toews wins face-off versus Elias Pettersson in CALGARY zone.
1:32 of 1st period - Minor Penalty to Mikhail Sergachev for Hooking.
1:33 of 1st period - Mika Zibanejad wins face-off versus Jamie Benn in CALGARY zone.
1:34 of 1st period - Shot by Kris Letang.
1:34 of 1st period - Stopped by Anders Nilsson without a rebound.
1:35 of 1st period - Jamie Benn wins face-off versus Mika Zibanejad in CALGARY zone.
2:35 of 1st period - Shot by Alex Goligoski.
2:35 of 1st period - Shot Misses the Net.
4:12 of 1st period - Icing by Mikhail Sergachev.
4:13 of 1st period - Nick Cousins wins face-off versus Derick Brassard in CALGARY zone.
4:30 of 1st period - Shot by Gabriel Bourque.
4:30 of 1st period - Shot Misses the Net.
4:32 of 1st period - Shot by Zdeno Chara.
4:32 of 1st period - Shot Misses the Net.
4:34 of 1st period - Shot by Gabriel Bourque.
4:34 of 1st period - Stopped by Anders Nilsson without a rebound.
4:35 of 1st period - Jamie Benn wins face-off versus Jonathan Toews in CALGARY zone.
4:52 of 1st period - Shot by Jamie Benn.
4:52 of 1st period - Goal by Jamie Benn - CALGARY : 1 - LOS ANGELES : 0.
4:53 of 1st period - Elias Pettersson wins face-off versus Mika Zibanejad in neutral zone.
5:34 of 1st period - Shot by Tyler Seguin.
5:34 of 1st period - Deflect By Matthew Tkachuk.
5:34 of 1st period - Stopped by Anders Nilsson without a rebound.
5:35 of 1st period - Jonathan Toews wins face-off versus Jamie Benn in CALGARY zone.
5:35 of 1st period - Nick Bonino is hit by Markus Nutivaara and loses puck.
6:16 of 1st period - Icing by Ryan McDonagh.
6:17 of 1st period - Chris Tierney wins face-off versus Jonathan Toews in LOS ANGELES zone.
7:10 of 1st period - Icing by Patrik Laine.
7:11 of 1st period - Travis Zajac wins face-off versus Elias Pettersson in CALGARY zone.
7:31 of 1st period - Jaccob Slavin is hit by Josh Manson and loses puck.
7:38 of 1st period - Shot by Travis Zajac.
7:38 of 1st period - Shot Blocked by Jaccob Slavin.
7:40 of 1st period - Shot by Johnny Boychuk.
7:40 of 1st period - Shot Blocked by Rasmus Dahlin.
7:59 of 1st period - Jaccob Slavin is hit by Alex Goligoski and loses puck.
8:20 of 1st period - Icing by Jamie Benn.
8:21 of 1st period - Jamie Benn wins face-off versus Nick Cousins in CALGARY zone.
8:40 of 1st period - Shot by Gabriel Bourque.
8:40 of 1st period - Stopped by Anders Nilsson without a rebound.
8:41 of 1st period - Chris Tierney wins face-off versus Mika Zibanejad in CALGARY zone.
9:13 of 1st period - Icing by Alex Goligoski.
9:14 of 1st period - Mika Zibanejad wins face-off versus Jamie Benn in LOS ANGELES zone.
9:23 of 1st period - Shot by Tyler Seguin.
9:23 of 1st period - Stopped by Anders Nilsson without a rebound.
9:24 of 1st period - Jamie Benn wins face-off versus Jonathan Toews in CALGARY zone.
9:28 of 1st period - Icing by Rasmus Dahlin.
9:29 of 1st period - Jonathan Toews wins face-off versus Jamie Benn in CALGARY zone.
10:33 of 1st period - Ryan McDonagh is hit by Patrik Laine and loses puck.
10:35 of 1st period - Double Minor Penalty to Kris Letang for High sticking.
10:36 of 1st period - Elias Pettersson wins face-off versus Mika Zibanejad in LOS ANGELES zone.
10:54 of 1st period - Off-side.
10:55 of 1st period - Jamie Benn wins face-off versus Jonathan Toews in neutral zone.
10:58 of 1st period - Shot by Rasmus Dahlin.
10:58 of 1st period - Shot Misses the Net.
11:00 of 1st period - Shot by Chris Tierney.
11:00 of 1st period - Shot Misses the Net.
11:02 of 1st period - Shot by Tyler Bertuzzi.
11:02 of 1st period - Shot Misses the Net.
13:41 of 1st period - Shot by Tyler Bertuzzi.
13:41 of 1st period - Shot Misses the Net.
13:47 of 1st period - Shot by Jake Gardiner.
13:47 of 1st period - Shot Misses the Net.
14:22 of 1st period - Shot by Markus Nutivaara.
14:22 of 1st period - Stopped by Antti Raanta with a rebound.
14:32 of 1st period - Shot by Markus Nutivaara.
14:32 of 1st period - Stopped by Antti Raanta without a rebound.
14:33 of 1st period - Matthew Tkachuk wins face-off versus Elias Pettersson in LOS ANGELES zone.
14:38 of 1st period - Kris Letang is hit by Jamie Benn and loses puck.
15:31 of 1st period - Drake Caggiula is hit by Matthew Tkachuk and loses puck.
16:00 of 1st period - Off-side.
16:01 of 1st period - Elias Pettersson wins face-off versus Jonathan Toews in neutral zone.
17:09 of 1st period - Shot by Blake Coleman.
17:09 of 1st period - Stopped by Antti Raanta with a rebound.
17:11 of 1st period - Shot by Mikhail Sergachev.
17:11 of 1st period - Shot Misses the Net.
17:13 of 1st period - Shot by Blake Coleman.
17:13 of 1st period - Stopped by Antti Raanta with a rebound.
18:56 of 1st period - Off-side.
18:57 of 1st period - Chris Tierney wins face-off versus Mika Zibanejad in neutral zone.
19:12 of 1st period - Shot by Chris Tierney.
19:12 of 1st period - Shot Blocked by Kris Letang.
19:28 of 1st period - Shot by Mikhail Sergachev.
19:28 of 1st period - Shot Blocked by Ryan McDonagh.
19:59 of 1st period - Vladislav Namestnikov is hit by Jamie Benn and loses puck.
Goals for this period are 1 for CALGARY vs 0 for LOS ANGELES.
Shots for this period are 5 for CALGARY vs 5 for LOS ANGELES.

2nd period


0:01 of 2nd period - Jamie Benn wins face-off versus Mika Zibanejad in neutral zone.
0:43 of 2nd period - Shot by Tyler Seguin.
0:43 of 2nd period - Stopped by Anders Nilsson with a rebound.
1:37 of 2nd period - Shot by Artem Anisimov.
1:37 of 2nd period - Deflect By Vladislav Namestnikov.
1:37 of 2nd period - Stopped by Anders Nilsson without a rebound.
1:38 of 2nd period - Mike Hoffman wins face-off versus Derick Brassard in CALGARY zone.
1:57 of 2nd period - Shot by Derick Brassard.
1:57 of 2nd period - Stopped by Antti Raanta without a rebound.
1:58 of 2nd period - Nick Cousins wins face-off versus Chris Tierney in LOS ANGELES zone.
1:58 of 2nd period - Nick Cousins is hit by Blake Coleman.
2:03 of 2nd period - Riley Nash is hit by Blake Coleman and loses puck.
2:12 of 2nd period - Minor Penalty to Gabriel Bourque for Hooking.
2:13 of 2nd period - Elias Pettersson wins face-off versus Mika Zibanejad in LOS ANGELES zone.
3:07 of 2nd period - Chris Tierney is hit by Kris Letang and loses puck.
3:14 of 2nd period - Shot by Jamie Benn.
3:14 of 2nd period - Goal by Jamie Benn - CALGARY : 2 - LOS ANGELES : 0.
3:15 of 2nd period - Travis Zajac wins face-off versus Derick Brassard in neutral zone.
4:55 of 2nd period - Shot by Mika Zibanejad.
4:55 of 2nd period - Deflect By Matthew Tkachuk.
4:55 of 2nd period - Stopped by Anders Nilsson without a rebound.
4:56 of 2nd period - Jamie Benn wins face-off versus Nick Bonino in CALGARY zone.
4:56 of 2nd period - Jamie Benn is hit by Jonathan Toews.
5:28 of 2nd period - Shot by Jonathan Toews.
5:28 of 2nd period - Shot Misses the Net.
5:30 of 2nd period - Shot by Jonathan Toews.
5:30 of 2nd period - Shot Blocked by Jaccob Slavin.
5:52 of 2nd period - Icing by Mikhail Sergachev.
5:53 of 2nd period - Mika Zibanejad wins face-off versus Elias Pettersson in CALGARY zone.
6:10 of 2nd period - Shot by Patrik Laine.
6:10 of 2nd period - Stopped by Antti Raanta without a rebound.
6:11 of 2nd period - Chris Tierney wins face-off versus Artem Anisimov in LOS ANGELES zone.
6:14 of 2nd period - Shot by Matt Nieto.
6:14 of 2nd period - Stopped by Antti Raanta with a rebound.
6:20 of 2nd period - Shot by Blake Coleman.
6:20 of 2nd period - Shot Blocked by Johnny Boychuk.
6:22 of 2nd period - Shot by Matt Nieto.
6:22 of 2nd period - Shot Misses the Net.
6:24 of 2nd period - Shot by Mikhail Sergachev.
6:24 of 2nd period - Stopped by Antti Raanta without a rebound.
6:24 of 2nd period - Minor Penalty to Johnny Boychuk for Holding.
6:25 of 2nd period - Mika Zibanejad wins face-off versus Elias Pettersson in LOS ANGELES zone.
7:44 of 2nd period - Shot by Jamie Benn.
7:44 of 2nd period - Stopped by Antti Raanta without a rebound.
7:45 of 2nd period - Elias Pettersson wins face-off versus Mika Zibanejad in LOS ANGELES zone.
7:48 of 2nd period - Shot by Mitchell Marner.
7:48 of 2nd period - Shot Blocked by Ryan McDonagh.
8:10 of 2nd period - Mikhail Sergachev is hit by Vladislav Namestnikov and loses puck.
8:28 of 2nd period - Shot by Derick Brassard.
8:28 of 2nd period - Stopped by Antti Raanta without a rebound.
8:29 of 2nd period - Chris Tierney wins face-off versus Nick Cousins in LOS ANGELES zone.
8:38 of 2nd period - Shot by Josh Manson.
8:38 of 2nd period - Shot Misses the Net.
8:46 of 2nd period - Shot by Riley Nash.
8:46 of 2nd period - Stopped by Anders Nilsson without a rebound.
8:47 of 2nd period - Artem Anisimov wins face-off versus Derick Brassard in CALGARY zone.
8:52 of 2nd period - Shot by Vladislav Namestnikov.
8:52 of 2nd period - Stopped by Anders Nilsson without a rebound.
8:53 of 2nd period - Jonathan Toews wins face-off versus Chris Tierney in CALGARY zone.
9:32 of 2nd period - Shot by Chris Tierney.
9:32 of 2nd period - Deflect By Blake Coleman.
9:32 of 2nd period - Stopped by Antti Raanta without a rebound.
9:33 of 2nd period - Mika Zibanejad wins face-off versus Elias Pettersson in LOS ANGELES zone.
9:33 of 2nd period - Mika Zibanejad is hit by Patrik Laine.
9:43 of 2nd period - Shot by Patrik Laine.
9:43 of 2nd period - Stopped by Antti Raanta with a rebound.
10:36 of 2nd period - Minor Penalty to Vladislav Namestnikov for Interference.
10:37 of 2nd period - Travis Zajac wins face-off versus Jamie Benn in LOS ANGELES zone.
10:50 of 2nd period - Shot by Jaccob Slavin.
10:50 of 2nd period - Stopped by Antti Raanta without a rebound.
10:51 of 2nd period - Mika Zibanejad wins face-off versus Elias Pettersson in LOS ANGELES zone.
10:51 of 2nd period - Mika Zibanejad is hit by Elias Pettersson.
11:01 of 2nd period - Shot by Elias Pettersson.
11:01 of 2nd period - Stopped by Antti Raanta with a rebound.
11:12 of 2nd period - Icing by Chris Tierney.
11:13 of 2nd period - Mika Zibanejad wins face-off versus Elias Pettersson in CALGARY zone.
11:37 of 2nd period - Off-side.
11:38 of 2nd period - Jamie Benn wins face-off versus Matthew Tkachuk in neutral zone.
11:57 of 2nd period - Shot by Jaccob Slavin.
11:57 of 2nd period - Stopped by Antti Raanta without a rebound.
11:58 of 2nd period - Mika Zibanejad wins face-off versus Jamie Benn in LOS ANGELES zone.
12:11 of 2nd period - Shot by Mikhail Sergachev.
12:11 of 2nd period - Shot Misses the Net.
12:13 of 2nd period - Shot by Jaccob Slavin.
12:13 of 2nd period - Shot Misses the Net.
12:15 of 2nd period - Shot by Jamie Benn.
12:15 of 2nd period - Stopped by Antti Raanta without a rebound.
12:16 of 2nd period - Matthew Tkachuk wins face-off versus Elias Pettersson in LOS ANGELES zone.
12:29 of 2nd period - Shot by Rasmus Dahlin.
12:29 of 2nd period - Shot Misses the Net.
12:45 of 2nd period - Shot by Vladislav Namestnikov.
12:45 of 2nd period - Stopped by Anders Nilsson with a rebound.
12:47 of 2nd period - Shot by Josh Manson.
12:47 of 2nd period - Shot Misses the Net.
12:49 of 2nd period - Shot by Travis Zajac.
12:49 of 2nd period - Shot Misses the Net.
14:11 of 2nd period - Icing by Mikhail Sergachev.
14:12 of 2nd period - Mika Zibanejad wins face-off versus Mitchell Marner in CALGARY zone.
14:31 of 2nd period - Shot by Tyler Seguin.
14:31 of 2nd period - Deflect By Mika Zibanejad.
14:31 of 2nd period - Shot Misses the Net.
15:15 of 2nd period - Shot by Vladislav Namestnikov.
15:15 of 2nd period - Shot Blocked by Rasmus Dahlin.
15:17 of 2nd period - Shot by Vladislav Namestnikov.
15:17 of 2nd period - Deflect By Artem Anisimov.
15:17 of 2nd period - Stopped by Anders Nilsson without a rebound.
15:18 of 2nd period - Jonathan Toews wins face-off versus Chris Tierney in CALGARY zone.
15:29 of 2nd period - Off-side.
15:30 of 2nd period - Derick Brassard wins face-off versus Travis Zajac in neutral zone.
15:53 of 2nd period - Shot by Travis Zajac.
15:53 of 2nd period - Goal by Travis Zajac - CALGARY : 2 - LOS ANGELES : 1.
15:54 of 2nd period - Jamie Benn wins face-off versus Mika Zibanejad in neutral zone.
16:13 of 2nd period - Shot by Tyler Seguin.
16:13 of 2nd period - Deflect By Mika Zibanejad.
16:13 of 2nd period - Stopped by Anders Nilsson with a rebound.
16:37 of 2nd period - Shot by Mika Zibanejad.
16:37 of 2nd period - Stopped by Anders Nilsson with a rebound.
17:20 of 2nd period - Mike Hoffman is hit by Mikhail Sergachev and loses puck.
17:24 of 2nd period - Minor Penalty to Mikhail Sergachev for Roughing.
17:25 of 2nd period - Mika Zibanejad wins face-off versus Derick Brassard in CALGARY zone.
17:26 of 2nd period - Shot by Kris Letang.
17:26 of 2nd period - Stopped by Anders Nilsson without a rebound.
17:27 of 2nd period - Jamie Benn wins face-off versus Tyler Seguin in CALGARY zone.
17:50 of 2nd period - Shot by Kris Letang.
17:50 of 2nd period - Stopped by Anders Nilsson with a rebound.
17:52 of 2nd period - Shot by Ryan McDonagh.
17:52 of 2nd period - Stopped by Anders Nilsson without a rebound.
17:53 of 2nd period - Jonathan Toews wins face-off versus Elias Pettersson in CALGARY zone.
17:54 of 2nd period - Shot by Mike Hoffman.
17:54 of 2nd period - Stopped by Anders Nilsson with a rebound.
18:18 of 2nd period - Shot by Zdeno Chara.
18:18 of 2nd period - Shot Misses the Net.
19:07 of 2nd period - Shot by Matthew Tkachuk.
19:07 of 2nd period - Stopped by Anders Nilsson without a rebound.
19:08 of 2nd period - Mika Zibanejad wins face-off versus Jamie Benn in CALGARY zone.
19:09 of 2nd period - Shot by Kris Letang.
19:09 of 2nd period - Shot Misses the Net.
19:11 of 2nd period - Shot by Mika Zibanejad.
19:11 of 2nd period - Shot Blocked by Zach Bogosian.
19:13 of 2nd period - Shot by Mika Zibanejad.
19:13 of 2nd period - Stopped by Anders Nilsson with a rebound.
19:15 of 2nd period - Shot by Ryan McDonagh.
19:15 of 2nd period - Goal by Ryan McDonagh - CALGARY : 2 - LOS ANGELES : 2.
19:16 of 2nd period - Travis Zajac wins face-off versus Derick Brassard in neutral zone.
19:37 of 2nd period - Shot by Artem Anisimov.
19:37 of 2nd period - Shot Misses the Net.
19:39 of 2nd period - Shot by Artem Anisimov.
19:39 of 2nd period - Shot Misses the Net.
Goals for this period are 1 for CALGARY vs 2 for LOS ANGELES.
Shots for this period are 13 for CALGARY vs 17 for LOS ANGELES.

3rd period


0:01 of 3rd period - Elias Pettersson wins face-off versus Mika Zibanejad in neutral zone.
0:27 of 3rd period - Icing by Rasmus Dahlin.
0:28 of 3rd period - Jonathan Toews wins face-off versus Elias Pettersson in CALGARY zone.
0:35 of 3rd period - Shot by Mike Hoffman.
0:35 of 3rd period - Stopped by Anders Nilsson without a rebound.
0:36 of 3rd period - Jonathan Toews wins face-off versus Brock Boeser in CALGARY zone.
1:00 of 3rd period - Shot by Mitchell Marner.
1:00 of 3rd period - Deflect By Jamie Benn.
1:00 of 3rd period - Shot Misses the Net.
1:07 of 3rd period - Icing by Jonathan Toews.
1:08 of 3rd period - Elias Pettersson wins face-off versus Jonathan Toews in LOS ANGELES zone.
1:16 of 3rd period - Off-side.
1:17 of 3rd period - Mika Zibanejad wins face-off versus Elias Pettersson in neutral zone.
1:34 of 3rd period - Shot by Mika Zibanejad.
1:34 of 3rd period - Stopped by Anders Nilsson without a rebound.
1:35 of 3rd period - Jamie Benn wins face-off versus Travis Zajac in CALGARY zone.
2:04 of 3rd period - Shot by Brock Boeser.
2:04 of 3rd period - Deflect By Mitchell Marner.
2:04 of 3rd period - Shot Misses the Net.
3:00 of 3rd period - Shot by Elias Pettersson.
3:00 of 3rd period - Shot Misses the Net.
3:02 of 3rd period - Shot by Jaccob Slavin.
3:02 of 3rd period - Shot Blocked by Ryan McDonagh.
4:23 of 3rd period - Josh Manson is hit by Mikhail Sergachev and loses puck.
4:32 of 3rd period - Shot by Travis Zajac.
4:32 of 3rd period - Stopped by Anders Nilsson without a rebound.
4:33 of 3rd period - Jamie Benn wins face-off versus Gabriel Bourque in CALGARY zone.
5:03 of 3rd period - Icing by Jaccob Slavin.
5:04 of 3rd period - Mika Zibanejad wins face-off versus Jamie Benn in CALGARY zone.
5:19 of 3rd period - Shot by Mika Zibanejad.
5:19 of 3rd period - Stopped by Anders Nilsson without a rebound.
5:20 of 3rd period - Elias Pettersson wins face-off versus Jonathan Toews in CALGARY zone.
5:29 of 3rd period - Shot by Mike Hoffman.
5:29 of 3rd period - Shot Hit the Post.
5:49 of 3rd period - Patrik Laine is hit by Zdeno Chara and loses puck.
6:07 of 3rd period - Icing by Jonathan Toews.
6:08 of 3rd period - Jonathan Toews wins face-off versus Brock Boeser in LOS ANGELES zone.
7:39 of 3rd period - Artem Anisimov is hit by Rasmus Dahlin and loses puck.
8:13 of 3rd period - Icing by Alex Goligoski.
8:14 of 3rd period - Nick Cousins wins face-off versus Elias Pettersson in LOS ANGELES zone.
8:53 of 3rd period - Shot by Patrik Laine.
8:53 of 3rd period - Shot Misses the Net.
9:23 of 3rd period - Shot by Mika Zibanejad.
9:23 of 3rd period - Goal by Mika Zibanejad - CALGARY : 2 - LOS ANGELES : 3.
9:24 of 3rd period - Derick Brassard wins face-off versus Jonathan Toews in neutral zone.
9:35 of 3rd period - Shot by Derick Brassard.
9:35 of 3rd period - Shot Blocked by Nick Bonino.
10:16 of 3rd period - Minor Penalty to Kris Letang for Holding Stick.
10:17 of 3rd period - Elias Pettersson wins face-off versus Mika Zibanejad in LOS ANGELES zone.
10:29 of 3rd period - Icing by Rasmus Dahlin.
10:30 of 3rd period - Mika Zibanejad wins face-off versus Elias Pettersson in CALGARY zone.
10:57 of 3rd period - Icing by Rasmus Dahlin.
10:58 of 3rd period - Elias Pettersson wins face-off versus Matthew Tkachuk in CALGARY zone.
11:29 of 3rd period - Icing by Jaccob Slavin.
11:30 of 3rd period - Jamie Benn wins face-off versus Mika Zibanejad in CALGARY zone.
11:38 of 3rd period - Shot by Jaccob Slavin.
11:38 of 3rd period - Shot Misses the Net.
11:40 of 3rd period - Shot by Jaccob Slavin.
11:40 of 3rd period - Shot Misses the Net.
11:42 of 3rd period - Shot by Tyler Bertuzzi.
11:42 of 3rd period - Stopped by Antti Raanta with a rebound.
12:06 of 3rd period - Shot by Mikhail Sergachev.
12:06 of 3rd period - Stopped by Antti Raanta without a rebound.
12:07 of 3rd period - Matthew Tkachuk wins face-off versus Elias Pettersson in LOS ANGELES zone.
13:14 of 3rd period - Shot by Nick Cousins.
13:14 of 3rd period - Shot Blocked by Markus Nutivaara.
13:16 of 3rd period - Shot by Riley Nash.
13:16 of 3rd period - Shot Blocked by Markus Nutivaara.
13:32 of 3rd period - Shot by Nick Cousins.
13:32 of 3rd period - Shot Misses the Net.
14:10 of 3rd period - Shot by Elias Pettersson.
14:10 of 3rd period - Deflect By Patrik Laine.
14:10 of 3rd period - Shot Misses the Net.
14:12 of 3rd period - Shot by Jaccob Slavin.
14:12 of 3rd period - Shot Misses the Net.
14:14 of 3rd period - Shot by Tyler Bertuzzi.
14:14 of 3rd period - Shot Misses the Net.
14:16 of 3rd period - Shot by Jaccob Slavin.
14:16 of 3rd period - Shot Misses the Net.
14:43 of 3rd period - Shot by Jamie Benn.
14:43 of 3rd period - Shot Blocked by Johnny Boychuk.
15:44 of 3rd period - Shot by Chris Tierney.
15:44 of 3rd period - Deflect By Blake Coleman.
15:44 of 3rd period - Stopped by Antti Raanta without a rebound.
15:45 of 3rd period - Elias Pettersson wins face-off versus Artem Anisimov in LOS ANGELES zone.
15:48 of 3rd period - Shot by Tyler Bertuzzi.
15:48 of 3rd period - Stopped by Antti Raanta without a rebound.
15:49 of 3rd period - Elias Pettersson wins face-off versus Jonathan Toews in LOS ANGELES zone.
16:46 of 3rd period - Icing by Alex Goligoski.
16:47 of 3rd period - Travis Zajac wins face-off versus Jamie Benn in LOS ANGELES zone.
16:54 of 3rd period - Alex Goligoski is hit by Jamie Benn and loses puck.
17:02 of 3rd period - Mitchell Marner is hit by Zdeno Chara.
17:22 of 3rd period - Shot by Jamie Benn.
17:22 of 3rd period - Deflect By Mitchell Marner.
17:22 of 3rd period - Shot Misses the Net.
17:48 of 3rd period - Shot by Matt Nieto.
17:48 of 3rd period - Stopped by Antti Raanta without a rebound.
17:49 of 3rd period - Jonathan Toews wins face-off versus Derick Brassard in LOS ANGELES zone.
17:56 of 3rd period - Shot by Derick Brassard.
17:56 of 3rd period - Shot Misses the Net.
17:58 of 3rd period - Shot by Markus Nutivaara.
17:58 of 3rd period - Stopped by Antti Raanta without a rebound.
17:59 of 3rd period - Elias Pettersson wins face-off versus Nick Cousins in LOS ANGELES zone.
18:11 of 3rd period - Markus Nutivaara is hit by Kris Letang and loses puck.
18:25 of 3rd period - Gabriel Bourque is hit by Markus Nutivaara.
18:38 of 3rd period - Elias Pettersson is hit by Ryan McDonagh and loses puck.
19:09 of 3rd period - Shot by Matthew Tkachuk.
19:09 of 3rd period - Shot Misses the Net.
19:11 of 3rd period - Shot by Johnny Boychuk.
19:11 of 3rd period - Shot Misses the Net.
19:13 of 3rd period - Shot by Johnny Boychuk.
19:13 of 3rd period - Shot Misses the Net.
19:21 of 3rd period - Shot by Josh Manson.
19:21 of 3rd period - Shot Misses the Net.
19:23 of 3rd period - Shot by Mika Zibanejad.
19:23 of 3rd period - Shot Misses the Net.
19:25 of 3rd period - Shot by Josh Manson.
19:25 of 3rd period - Stopped by Anders Nilsson without a rebound.
19:26 of 3rd period - Mika Zibanejad wins face-off versus Jamie Benn in CALGARY zone.
19:28 of 3rd period - Kris Letang is hit by Rasmus Dahlin and loses puck.
Goals for this period are 0 for CALGARY vs 1 for LOS ANGELES.
Shots for this period are 6 for CALGARY vs 6 for LOS ANGELES.